Map: Backwater LE

Players

SpeCial - Winner!

  • Race: Terran Terran
  • League: Master
  • Spawn Location: 11:00

Ryung

  • Race: Terran Terran
  • League: Master
  • Spawn Location: 5:00

Event: Memes & Dreams Invitational

VOD

Have the link to the VOD?

Description

Time

  • Played on: April 14, 2018, 6:32 a.m.
  • Length: 18:51

All games in this series

Show
View Real Time Build Order
Export as new Build Order

SpeCial Terran - Winner!

Build Orders: Cyclone Opening, Mech 

Get SALT Encoding   

  12  0:00  SCV  
  13  0:12  SCV  
  14  0:19  Supply Depot  
  14  0:24  SCV  
  15  0:29  Refinery  
  15  0:41  SCV  
  16  0:45  Barracks  
  16  0:53  SCV  
  17  0:58  Refinery  
  17  1:05  SCV  
  18  1:17  SCV  
  20  1:34  Factory, Orbital Command  
  20  1:36  Reaper  
  20  1:44  Supply Depot  
  20  1:59  SCV  
  21  2:08  Reaper  
  21  2:11  SCV  
  23  2:19  Hellion  
  25  2:28  Command Center  
  25  2:30  SCV  
  26  2:43  SCV  
  27  2:46  Supply Depot  
  27  2:47  Cyclone  
  27  2:50  Barracks Reactor  
  30  2:55  SCV  
  30  3:07  SCV  
  31  3:19  SCV  
  32  3:31  SCV  
  33  3:34  Cyclone x2  
  33  3:40  Orbital Command  
  39  3:43  SCV  
  40  3:55  SCV  
  41  4:02  Command Center  
  41  4:06  SCV  
  41  4:07  SCV  
  41  4:09  Cyclone  
  46  4:15  Cyclone  
  49  4:18  SCV  
  49  4:19  SCV  
  51  4:30  SCV  
  49  4:31  SCV  
  49  4:37  Supply Depot, Barracks Reactor  
  50  4:39  Factory, Refinery  
  50  4:40  Refinery  
  50  4:42  SCV  
  50  4:44  SCV  
  52  4:54  SCV  
  52  4:56  SCV  
  52  4:58  Cyclone x2  
  52  4:59  Supply Depot  
  60  5:06  SCV  
  61  5:08  SCV  
  61  5:10  Barracks Tech Lab  
  61  5:11  Factory  
  62  5:14  Orbital Command  
  62  5:19  SCV  
  62  5:20  SCV  
  64  5:31  Hellion x2, SCV  
  64  5:34  SCV  
  67  5:40  Starport  
  67  5:42  Armory  
  67  5:43  Barracks Reactor, SCV  
  67  5:44  SCV  
  67  5:46  SCV  
  70  5:51  Siege Tank  
  70  5:52  Hellion x2  
  77  5:59  Supply Depot  
  77  6:01  Supply Depot  
  77  6:06  Supply Depot  
  77  6:07  Liberator  
  77  6:08  Liberator, Factory Tech Lab  
  77  6:18  Supply Depot, SCV x3  
  86  6:29  Supply Depot  
  86  6:30  Supply Depot, SCV x2, Terran Vehicle Weapons Level 1  
  86  6:31  SCV  
  89  6:39  Siege Tank  
  96  6:42  SCV  
  96  6:45  Siege Tank  
  96  6:46  SCV x2  
  102  6:54  SCV  
  102  6:55  Refinery x2  
  102  6:58  SCV x2  
  101  7:06  SCV  
  101  7:07  Medivac  
  101  7:08  Medivac  
  106  7:10  SCV  
  106  7:13  SCV  
  106  7:15  Supply Depot, Command Center  
  108  7:18  SCV  
  108  7:22  SCV  
  110  7:23  Engineering Bay  
  110  7:25  SCV  
  110  7:26  Siege Tank x2  
  110  7:28  Hellion  
  119  7:35  SCV x2  
  121  7:37  Supply Depot  
  121  7:39  Viking x2  
  125  7:48  Armory  
  125  7:50  SCV x2  
  127  7:55  Hellion x2, Infernal Pre-Igniter  
  125  8:01  Hellion, Supply Depot  
  125  8:02  Starport  
  127  8:09  SCV  
  128  8:21  Hellion x3  
  128  8:22  Viking x2  
  128  8:24  Starport  
  139  8:27  SCV x2  
  138  8:40  Starport Tech Lab  
  138  8:41  SCV x3  
  138  8:42  Orbital Command  
  138  8:43  Starport  
  138  8:47  Hellion x4  
  149  8:51  Terran Ship Weapons Level 1  
  149  8:52  Terran Vehicle And Ship Armor Level 1  
  149  8:54  Supply Depot, SCV x2  
  151  8:59  Raven  
  151  9:01  Starport, Starport Tech Lab  
  153  9:05  Viking x2  
  157  9:12  SCV x3  
  157  9:13  SCV  
  161  9:17  Refinery  
  161  9:22  Starport Tech Lab  
  161  9:23  Raven  
  159  9:26  SCV  
  159  9:27  Refinery  
  156  9:32  Hellion x3  
  156  9:35  SCV  
  151  9:41  SCV  
  151  9:44  Raven, Viking  
  146  9:46  Medivac x2  
  146  9:49  SCV x2  
  146  9:52  Corvid Reactor, Missile Turret  
  148  9:53  SCV  
  148  9:54  SCV  
  148  9:58  Command Center  
  150  10:00  Rapid Fire Launchers  
  150  10:06  Starport  
  150  10:11  Command Center  
  150  10:16  Viking x2  
  150  10:17  Raven  
  150  10:20  Hellion x2  
  160  10:22  Cyclone  
  163  10:29  Cyclone  
  163  10:30  Command Center  
  163  10:31  Starport Reactor  
  166  10:36  Command Center  
  166  10:43  Missile Turret  
  166  10:54  Raven x2, Viking x2  
  166  10:56  Refinery x2  
  171  11:05  SCV  
  171  11:06  SCV x2  
  171  11:09  Cyclone x3  
  179  11:12  Hellion  
  179  11:17  Viking  
  175  11:21  Viking  
  175  11:24  Orbital Command  
  173  11:26  SCV x2  
  173  11:30  Orbital Command  
  173  11:32  Raven, Viking x2  
  176  11:33  Starport Tech Lab  
  176  11:34  Hellion  
  176  11:38  Refinery  
  178  11:41  Hellion x2  
  178  11:42  Hellion  
  184  11:51  Terran Ship Weapons Level 2  
  184  11:55  Cyclone  
  184  11:57  Terran Vehicle And Ship Armor Level 2  
  187  12:02  Cyclone  
  187  12:04  Cyclone x2  
  194  12:27  Hellion  
  188  12:33  Viking x2  
  188  12:35  Hellion  
  188  12:36  Cyclone x2  
  178  12:48  Cyclone  
  179  12:56  Cyclone  
  172  13:01  Refinery  
  172  13:06  Orbital Command  
  172  13:08  Command Center, Cyclone x2  
  172  13:11  Liberator  
  176  13:20  Cyclone  
  176  13:22  Smart Servos, Command Center x2  
  176  13:23  Raven x3  
  176  13:24  Command Center  
  179  13:28  Cyclone  
  185  13:37  Factory  
  185  13:38  Factory  
  185  13:40  Cyclone x2  
  191  13:51  Raven  
  191  13:52  Cyclone  
  196  13:59  Liberator x2  
  196  14:00  Cyclone  
  194  14:06  Raven  
  167  14:12  Cyclone x2  
  152  14:18  Raven  
  152  14:23  Hellion x2  
  154  14:24  Cyclone  
  157  14:32  Cyclone  
  157  14:33  Raven  
  157  14:34  Raven  
  164  14:39  Orbital Command  
  164  14:40  Orbital Command  
  164  14:43  Command Center x2  
  164  14:44  Cyclone x3  
  164  14:45  Cyclone  
  176  14:49  Raven  
  176  14:50  Viking  
  175  14:57  Cyclone  
  175  14:59  Viking  
  177  15:01  Command Center  
  177  15:03  Missile Turret  
  177  15:04  Cyclone  
  180  15:11  Terran Vehicle Weapons Level 2  
  174  15:17  Cyclone x4  
  174  15:20  Viking  
  185  15:21  Viking  
  185  15:22  Viking  
  185  15:23  Orbital Command  
  189  15:29  Hellion  
  189  15:34  Orbital Command  
  191  15:37  Hellion, Terran Vehicle And Ship Armor Level 3  
  193  15:49  Hellion x3, Cyclone  
  196  15:50  Hellion, Liberator x3  
  195  15:58  Hellion  
  164  16:10  Cyclone x3  
  182  16:11  Cyclone  
  182  16:17  Fusion Core, Refinery  
  182  16:19  Refinery, Cyclone  
  182  16:21  Hellion  
  182  16:22  Planetary Fortress  
  187  16:26  Viking  
  187  16:31  Missile Turret  
  189  16:34  Missile Turret  
  189  16:42  Hellion, Cyclone x2  
  189  16:44  Cyclone  
  197  16:48  Cyclone  
  200  16:57  Missile Turret  
  200  16:59  Missile Turret  
  191  17:07  Cyclone x2  
  191  17:11  Raven x2  
  191  17:14  Advanced Ballistics, Cyclone  
  174  17:32  Cyclone x2  
  174  17:35  Cyclone  
  165  17:39  Cyclone x2  
  162  17:46  Cyclone  
  162  18:04  Cyclone x2  
  165  18:07  Hellion  
  165  18:11  Hellion, Cyclone  
  172  18:18  Cyclone  
  152  18:28  Hellion  
Show
View Real Time Build Order
Export as new Build Order

Ryung Terran 

Build Orders: Cyclone Opening, Mech 

Get SALT Encoding   

  12  0:01  SCV  
  13  0:13  SCV  
  14  0:17  Supply Depot  
  14  0:25  SCV  
  15  0:29  Refinery  
  15  0:38  SCV  
  16  0:43  Barracks  
  16  0:50  SCV  
  16  0:55  Refinery  
  17  1:03  SCV  
  18  1:15  SCV  
  19  1:30  Reaper, Orbital Command  
  20  1:36  Factory  
  20  1:51  Supply Depot  
  20  1:55  SCV  
  21  2:03  Reaper  
  21  2:07  SCV  
  23  2:19  SCV  
  23  2:21  Hellion  
  26  2:28  Command Center  
  26  2:32  SCV  
  27  2:39  Barracks Reactor  
  27  2:42  Cyclone  
  30  2:52  Starport  
  30  2:56  Supply Depot  
  30  3:01  SCV  
  29  3:13  SCV  
  29  3:18  Marine, Cyclone  
  29  3:19  Marine  
  35  3:25  SCV  
  36  3:33  Medivac  
  38  3:37  SCV  
  38  3:39  Marine x2  
  41  3:44  Orbital Command  
  41  3:50  SCV, Liberator, Factory Tech Lab  
  42  3:57  Marine x2  
  42  4:02  SCV  
  49  4:10  SCV  
  49  4:12  Supply Depot  
  49  4:14  SCV  
  50  4:21  Siege Tank  
  53  4:25  Supply Depot  
  53  4:26  SCV x2  
  50  4:33  Marine x2  
  50  4:38  SCV x2  
  54  4:50  SCV x2  
  55  4:53  Siege Tank  
  56  5:03  SCV x2  
  56  5:04  Command Center  
  55  5:10  Refinery  
  55  5:11  Refinery  
  55  5:15  SCV x2  
  57  5:26  Siege Tank  
  57  5:27  SCV x2  
  60  5:39  SCV x2  
  60  5:41  Starport Reactor  
  62  5:43  Armory  
  62  5:51  SCV x2, Armory  
  64  6:00  Refinery  
  64  6:03  SCV x2  
  66  6:05  Factory  
  66  6:12  Refinery  
  66  6:14  Factory  
  66  6:15  SCV x2  
  66  6:17  Orbital Command  
  68  6:20  Command Center  
  68  6:21  Viking  
  68  6:23  Viking  
  72  6:27  SCV  
  72  6:29  SCV  
  74  6:33  Terran Vehicle Weapons Level 1  
  74  6:39  SCV  
  75  6:41  SCV  
  75  6:44  SCV  
  75  6:45  Terran Vehicle And Ship Armor Level 1  
  77  6:52  SCV  
  77  6:53  Hellion, SCV  
  84  6:57  Supply Depot  
  84  6:59  Hellion  
  84  7:00  Supply Depot  
  83  7:01  Supply Depot  
  83  7:04  Factory Tech Lab  
  83  7:06  SCV x2  
  85  7:13  Infernal Pre-Igniter  
  85  7:14  Supply Depot  
  85  7:19  SCV, Viking x2  
  85  7:22  Hellion x2, Siege Tank  
  97  7:23  Siege Tank  
  97  7:25  SCV x2  
  97  7:28  Supply Depot  
  102  7:35  Orbital Command  
  102  7:36  SCV  
  103  7:37  SCV x2  
  105  7:49  Viking x2  
  104  7:52  SCV x3  
  104  7:57  Hellion x2, Siege Tank x2  
  116  8:06  SCV x2  
  116  8:10  SCV  
  118  8:17  Orbital Command  
  118  8:18  SCV x2  
  114  8:22  SCV  
  114  8:24  Viking x2  
  119  8:28  Starport  
  119  8:29  Starport  
  119  8:30  SCV x2  
  121  8:35  Terran Ship Weapons Level 1  
  121  8:41  SCV  
  116  8:42  SCV x2  
  118  8:53  SCV  
  118  8:54  SCV x3, Viking x2  
  126  8:58  Engineering Bay  
  126  9:05  SCV, Refinery  
  126  9:07  Refinery  
  127  9:11  Hellion x2  
  127  9:12  Starport Tech Lab x2  
  127  9:16  Starport  
  131  9:19  Starport  
  131  9:34  Hellion  
  131  9:38  Viking  
  131  9:40  Viking  
  131  9:41  Hellion  
  131  9:43  Armory  
  129  9:46  Raven  
  129  9:47  Corvid Reactor  
  129  9:49  SCV  
  129  9:50  Supply Depot  
  132  9:52  Supply Depot  
  132  9:53  Supply Depot, Raven  
  132  9:54  SCV  
  132  9:55  Supply Depot, Starport Reactor, Starport Tech Lab  
  135  10:00  Command Center  
  135  10:06  Hellion x2  
  139  10:12  Hellion x2  
  143  10:16  Sensor Tower  
  143  10:17  Missile Turret  
  143  10:18  Missile Turret x2  
  143  10:19  Raven  
  145  10:26  SCV x4  
  145  10:27  Hellion  
  151  10:28  Terran Vehicle And Ship Armor Level 2  
  151  10:30  Missile Turret  
  151  10:31  Missile Turret, Terran Ship Weapons Level 2  
  151  10:40  Siege Tank x2  
  151  10:41  Hellion  
  159  10:45  Supply Depot  
  159  10:46  Supply Depot  
  159  10:48  Hellion, Raven  
  163  10:50  Raven  
  165  11:03  Hellion, Command Center x2  
  167  11:09  Viking x3  
  151  11:20  SCV  
  151  11:21  SCV x3  
  152  11:34  Raven x3  
  152  11:38  Hellion x4  
  166  11:51  Refinery  
  166  11:52  Refinery  
  166  11:59  Hellion x4  
  174  12:06  Viking  
  174  12:07  Viking x2  
  157  12:30  SCV x2  
  157  12:31  SCV x2, Cyclone x4  
  157  12:32  Rapid Fire Launchers  
  144  12:43  SCV x2  
  134  12:46  Planetary Fortress  
  117  13:00  Raven  
  117  13:02  SCV x4  
  117  13:03  Cyclone x2  
  117  13:04  Cyclone x2  
  136  13:07  Orbital Command x2  
  136  13:08  Command Center  
  133  13:16  Missile Turret  
  133  13:17  SCV x2  
  133  13:18  SCV  
  133  13:19  Raven x2  
  134  13:30  Terran Vehicle And Ship Armor Level 3  
  134  13:35  Cyclone  
  134  13:36  Cyclone x3  
  146  13:41  Missile Turret  
  146  13:48  Missile Turret  
  146  13:50  Raven  
  145  14:02  Raven x2  
  136  14:07  Cyclone  
  136  14:08  Cyclone x3  
  129  14:20  SCV x2  
  129  14:21  SCV x4  
  135  14:26  Refinery  
  135  14:30  Planetary Fortress  
  135  14:32  SCV  
  136  14:39  Cyclone  
  136  14:40  Cyclone x3  
  136  14:41  Refinery  
  136  14:42  Missile Turret, Terran Vehicle Weapons Level 2  
  136  14:45  Missile Turret  
  148  14:47  Missile Turret  
  148  14:48  Raven x2  
  148  14:52  Missile Turret, SCV x5  
  157  14:56  Missile Turret  
  155  15:12  Hellion x2, Cyclone x2  
  165  15:21  Raven  
  165  15:27  Command Center  
  167  15:33  Cyclone x2  
  173  15:39  SCV x4  
  175  15:44  Cyclone x2  
  175  15:47  Sensor Tower  
  162  16:00  SCV x2  
  154  16:05  Hellion  
  154  16:06  Hellion  
  159  16:11  SCV x3  
  159  16:14  SCV x3  
  159  16:16  Hellion x2  
  159  16:18  Raven x3  
  174  16:23  SCV x3  
  177  16:26  SCV, Cyclone  
  177  16:27  Cyclone  
  177  16:30  Missile Turret  
  184  16:36  Refinery  
  184  16:38  Refinery, Cyclone x2  
  188  16:41  Sensor Tower  
  188  16:46  SCV  
  181  16:51  Missile Turret  
  177  16:59  Cyclone x2  
  183  17:03  Raven x2  
  183  17:05  SCV x3  
  188  17:10  Cyclone x2  
  194  17:17  Missile Turret  
  173  17:31  Cyclone x2  
  173  17:33  SCV x2  
  163  17:42  Hellion, SCV x2, Cyclone  
  163  17:43  SCV  
  158  18:03  Hellion x2, Cyclone  
  158  18:04  Raven x2  
  163  18:14  Cyclone  
  158  18:24  SCV x3  
  158  18:25  SCV  
  147  18:37  Refinery  
Tags
 
Add a new tag
Caveats
  • Supply blocks, unpowered buildings, or Contaminate may cause inaccurate times.
  • Supply counts are checked every 10 seconds.